TOP OF THE 1ST |
Kingston Township Legion batting - Pitching for Capital District Red Knights : LHP Fernando Padilla
|
Pitching: LHP Fernando Padilla
|
|
Batting: RHB Alfredo Cardenas
|
0-0: Ball 1-0: Called Strike 1-1: Foul Ball, location: 2F 1-2: Strikes out looking
|
Batting: RHB Dani Trejo
|
0-0: Foul Ball, location: 2F 0-1: Ball 1-1: Ball 2-1: Ground out 5-3 (Groundball, 5)
|
Batting: RHB EP Weston
|
0-0: Fly out, F8 (Flyball, 8RS)
|
Top of the 1st over - 0 runs, 0 hits, 0 errors, 0 left on base; Kingston Township 0 - Capital District 0 |
BOTTOM OF THE 1ST |
Capital District Red Knights batting - Pitching for Kingston Township Legion : RHP Fernando Espinosa
|
Pitching: RHP Fernando Espinosa
|
|
Batting: RHB Robert O'Connor
|
0-0: Called Strike 0-1: Ball 1-1: Ball 2-1: Ball 3-1: Called Strike 3-2: Ground out 4-3 (Groundball, 4)
|
Batting: RHB Mario Álvarez
|
0-0: Ball 1-0: Ball 2-0: Ball 3-0: Base on Balls
|
Batting: RHB Arnold Giroux
|
0-0: Swinging Strike 0-1: TRIPLE (Flyball, 89D) Mario Álvarez scores
|
Batting: RHB Brandon Cole
|
0-0: Ball 1-0: Swinging Strike 1-1: Fly out, F7 (Flyball, 7S)
|
Batting: RHB Pedro Álvarez
|
0-0: Ball 1-0: Called Strike 1-1: Fly out, F3 (Popup, 3F)
|
Bottom of the 1st over - 1 run, 1 hit, 0 errors, 1 left on base; Kingston Township 0 - Capital District 1 |
TOP OF THE 2ND |
Kingston Township Legion batting - Pitching for Capital District Red Knights : LHP Fernando Padilla
|
Batting: RHB Clarence Neal
|
0-0: Called Strike 0-1: Foul Ball, location: 2F 0-2: Ball 1-2: Strikes out looking
|
Batting: RHB Jim Scott
|
0-0: Ball 1-0: Swinging Strike 1-1: Foul Ball, location: 2F 1-2: Strikes out swinging
|
Batting: RHB José Icaza
|
0-0: Foul Ball, location: 2F 0-1: Called Strike 0-2: Ball 1-2: Ball 2-2: Ball 3-2: Ground out 6-3 (Groundball, 6)
|
Top of the 2nd over - 0 runs, 0 hits, 0 errors, 0 left on base; Kingston Township 0 - Capital District 1 |
BOTTOM OF THE 2ND |
Capital District Red Knights batting - Pitching for Kingston Township Legion : RHP Fernando Espinosa
|
Batting: RHB Steve Jones
|
0-0: Foul Ball, location: 2F 0-1: Foul Ball, location: 2F 0-2: Strikes out swinging
|
Batting: RHB José Paz
|
0-0: Called Strike 0-1: Ground out 5-3 (Groundball, 56)
|
Batting: RHB Rubén Campos
|
0-0: Fly out, F4 (Popup, 4)
|
Bottom of the 2nd over - 0 runs, 0 hits, 0 errors, 0 left on base; Kingston Township 0 - Capital District 1 |
TOP OF THE 3RD |
Kingston Township Legion batting - Pitching for Capital District Red Knights : LHP Fernando Padilla
|
Batting: LHB António González
|
0-0: Called Strike 0-1: Ball 1-1: Foul Ball, location: 2F 1-2: Ball 2-2: Strikes out swinging
|
Batting: RHB Júlio Rodríguez
|
0-0: Ball 1-0: Ball 2-0: Ball 3-0: Base on Balls
|
Batting: RHB Ron Bernard
|
0-0: Ball Júlio Rodríguez steals 2nd base 1-0: Called Strike 1-1: Ball 2-1: Ball Wild Pitch! Júlio Rodríguez to third 3-1: Foul Ball, location: 2F 3-2: Foul Ball, location: 2F 3-2: Fly out, F8 (Line Drive, 8LM) Runner from 3rd tags up, SCORES, throw made
|
Batting: RHB Alfredo Cardenas
|
0-0: Ground out 6-3 (Groundball, 56)
|
Top of the 3rd over - 1 run, 0 hits, 0 errors, 0 left on base; Kingston Township 1 - Capital District 1 |
BOTTOM OF THE 3RD |
Capital District Red Knights batting - Pitching for Kingston Township Legion : RHP Fernando Espinosa
|
Batting: RHB Leo Cadden
|
0-0: Foul Ball, location: 2F 0-1: Foul Ball, location: 2F 0-2: Foul Ball, location: 2F 0-2: Foul Ball, location: 2F 0-2: Ball 1-2: Strikes out swinging
|
Batting: RHB Robert O'Connor
|
0-0: Swinging Strike 0-1: Swinging Strike 0-2: Foul Ball, location: 2F 0-2: Strikes out swinging
|
Batting: RHB Mario Álvarez
|
0-0: Called Strike 0-1: Ball 1-1: SINGLE (Line Drive, 8LS)
|
Batting: RHB Arnold Giroux
|
0-0: Ball Mario Álvarez is caught stealing 2nd base
|
Bottom of the 3rd over - 0 runs, 1 hit, 0 errors, 0 left on base; Kingston Township 1 - Capital District 1 |
TOP OF THE 4TH |
Kingston Township Legion batting - Pitching for Capital District Red Knights : LHP Fernando Padilla
|
Batting: RHB Dani Trejo
|
0-0: Ball 1-0: SINGLE (Groundball, 6MD)
|
Batting: RHB EP Weston
|
0-0: Ball 1-0: Ball 2-0: Foul Ball, location: 2F 2-1: Foul Ball, location: 2F 2-2: Foul Ball, location: 2F 2-2: Strikes out looking
|
Batting: RHB Clarence Neal
|
0-0: Ball 1-0: SINGLE (Groundball, 6) (infield hit) Dani Trejo to second
|
Batting: RHB Jim Scott
|
0-0: Called Strike 0-1: Foul Ball, location: 2F 0-2: Strikes out swinging
|
Batting: RHB José Icaza
|
0-0: Ball 1-0: Ball 2-0: Foul Ball, location: 2F 2-1: Fly out, F5 (Popup, 56S)
|
Top of the 4th over - 0 runs, 2 hits, 0 errors, 2 left on base; Kingston Township 1 - Capital District 1 |
BOTTOM OF THE 4TH |
Capital District Red Knights batting - Pitching for Kingston Township Legion : RHP Fernando Espinosa
|
Batting: RHB Arnold Giroux
|
0-0: Ball 1-0: Ball 2-0: Called Strike 2-1: Fly out, F3 (Line Drive, 3L)
|
Batting: RHB Brandon Cole
|
0-0: Foul Ball, location: 2F 0-1: Ball 1-1: Swinging Strike 1-2: Ball 2-2: Ball 3-2: Base on Balls
|
Batting: RHB Pedro Álvarez
|
0-0: Called Strike 0-1: Ball 1-1: Foul Ball, location: 2F 1-2: Ball 2-2: Fly out, F7 (Flyball, 78D)
|
Batting: RHB Steve Jones
|
0-0: Foul Ball, location: 2F 0-1: Ball 1-1: Foul Ball, location: 2F 1-2: Strikes out swinging
|
Bottom of the 4th over - 0 runs, 0 hits, 0 errors, 1 left on base; Kingston Township 1 - Capital District 1 |
TOP OF THE 5TH |
Kingston Township Legion batting - Pitching for Capital District Red Knights : LHP Fernando Padilla
|
Batting: LHB António González
|
0-0: Foul Ball, location: 2F 0-1: Fly out, F6 (Popup, 4MS)
|
Batting: RHB Júlio Rodríguez
|
0-0: Ball 1-0: Called Strike 1-1: Swinging Strike 1-2: SINGLE (Line Drive, 78S)
|
Batting: RHB Ron Bernard
|
0-0: Ball 1-0: DOUBLE (Line Drive, 78M) Júlio Rodríguez to third Runner from 3rd tries for Home, SAFE, no throw
|
Batting: RHB Alfredo Cardenas
|
0-0: Called Strike 0-1: Ball 1-1: Ball 2-1: Called Strike 2-2: Ground out 5-3 (Groundball, 56S) Ron Bernard to third
|
Batting: RHB Dani Trejo
|
0-0: Ball 1-0: Called Strike 1-1: Swinging Strike 1-2: Fly out, F7 (Flyball, 7S)
|
Top of the 5th over - 1 run, 2 hits, 0 errors, 1 left on base; Kingston Township 2 - Capital District 1 |
BOTTOM OF THE 5TH |
Capital District Red Knights batting - Pitching for Kingston Township Legion : RHP Fernando Espinosa
|
Batting: RHB José Paz
|
0-0: Ball 1-0: Fly out, F9 (Flyball, 89M)
|
Batting: RHB Rubén Campos
|
0-0: Foul Ball, location: 2F 0-1: Ball 1-1: Ground out 6-3 (Groundball, 6)
|
Batting: RHB Leo Cadden
|
0-0: Ball 1-0: Ball 2-0: Ball 3-0: Base on Balls
|
Batting: RHB Robert O'Connor
|
0-0: Swinging Strike 0-1: Ball 1-1: Ball 2-1: SINGLE (Flyball, 78M) Leo Cadden to second Runner from 2nd tries for 3rd, SAFE, throw made to third
|
Batting: RHB Mario Álvarez
|
0-0: Ball 1-0: Fly out, F7 (Line Drive, 7S)
|
Bottom of the 5th over - 0 runs, 1 hit, 0 errors, 2 left on base; Kingston Township 2 - Capital District 1 |
TOP OF THE 6TH |
Kingston Township Legion batting - Pitching for Capital District Red Knights : LHP Fernando Padilla
|
Batting: RHB EP Weston
|
0-0: Ball 1-0: Foul Ball, location: 2F 1-1: Foul Ball, location: 2F 1-2: Ball 2-2: Ground out 5-3 (Groundball, 56S)
|
Batting: RHB Clarence Neal
|
0-0: Swinging Strike 0-1: Foul Ball, location: 2F 0-2: Foul Ball, location: 2F 0-2: SOLO HOME RUN (Flyball, 7D), Distance : 361 ft
|
Batting: RHB Jim Scott
|
0-0: SINGLE (Line Drive, 56)
|
Batting: RHB José Icaza
|
0-0: Foul Ball, location: 2F 0-1: Ball 1-1: Ball 2-1: Foul Ball, location: 2F 2-2: Strikes out looking
|
Batting: LHB António González
|
0-0: Called Strike 0-1: Swinging Strike 0-2: Foul Ball, location: 2F 0-2: Ball 1-2: Ball 2-2: Strikes out swinging
|
Top of the 6th over - 1 run, 2 hits, 0 errors, 1 left on base; Kingston Township 3 - Capital District 1 |
BOTTOM OF THE 6TH |
Capital District Red Knights batting - Pitching for Kingston Township Legion : RHP Fernando Espinosa
|
Batting: RHB Arnold Giroux
|
0-0: Ground out 5-3 (Groundball, 56)
|
Batting: RHB Brandon Cole
|
0-0: Called Strike 0-1: Foul Ball, location: 2F 0-2: Ball 1-2: Strikes out swinging
|
Batting: RHB Pedro Álvarez
|
0-0: Ball 1-0: Ball 2-0: Swinging Strike 2-1: SINGLE (Groundball, 6D)
|
Batting: RHB Steve Jones
|
0-0: Ball 1-0: Fly out, F9 (Flyball, 9S)
|
Bottom of the 6th over - 0 runs, 1 hit, 0 errors, 1 left on base; Kingston Township 3 - Capital District 1 |
TOP OF THE 7TH |
Kingston Township Legion batting - Pitching for Capital District Red Knights : LHP Fernando Padilla
|
Batting: RHB Júlio Rodríguez
|
0-0: Swinging Strike 0-1: Ball 1-1: Ball 2-1: Ball 3-1: Fly out, F8 (Flyball, 8LM)
|
Batting: RHB Ron Bernard
|
0-0: Called Strike 0-1: Ball 1-1: Swinging Strike 1-2: Strikes out swinging
|
Batting: RHB Alfredo Cardenas
|
0-0: Ball 1-0: Ball 2-0: Called Strike 2-1: Swinging Strike 2-2: Strikes out swinging
|
Top of the 7th over - 0 runs, 0 hits, 0 errors, 0 left on base; Kingston Township 3 - Capital District 1 |
BOTTOM OF THE 7TH |
Capital District Red Knights batting - Pitching for Kingston Township Legion : RHP Fernando Espinosa
|
Batting: RHB José Paz
|
0-0: Called Strike 0-1: Ball 1-1: DOUBLE (Line Drive, 3D)
|
Batting: RHB Rubén Campos
|
0-0: SINGLE (Groundball, 6MD) José Paz to third
|
Pinch Hitting: LHB Francisco Sánchez
|
0-0: Called Strike 0-1: Ball 1-1: Ball 2-1: Swinging Strike 2-2: Foul Ball, location: 2F 2-2: Ball 3-2: Strikes out swinging
|
Batting: RHB Robert O'Connor
|
0-0: Ball 1-0: SINGLE (Groundball, 6MS) (infield hit) José Paz scores Rubén Campos to second
|
Batting: RHB Mario Álvarez
|
0-0: Foul Ball, location: 2F 0-1: Ball 1-1: Ball 2-1: Ball 3-1: SINGLE (Flyball, 9LS) Rubén Campos to third Robert O'Connor to second Runner from 3rd tries for Home, SAFE, no throw
|
Batting: RHB Arnold Giroux
|
0-0: Called Strike 0-1: Swinging Strike 0-2: Ball 1-2: Fly out, F5 (Popup, 56S)
|
Batting: RHB Brandon Cole
|
0-0: SINGLE (Line Drive, 9LS) Robert O'Connor to third Mario Álvarez to second Runner from 3rd tries for Home, SAFE, no throw
|
Batting: RHB Pedro Álvarez
|
0-0: Ball 1-0: Ball 2-0: Ball 3-0: Base on Balls Mario Álvarez to third Brandon Cole to second
|
Batting: RHB Steve Jones
|
0-0: Ball 1-0: Fly out, F7 (Line Drive, 78M)
|
Bottom of the 7th over - 3 runs, 5 hits, 0 errors, 3 left on base; Kingston Township 3 - Capital District 4 |
TOP OF THE 8TH |
Kingston Township Legion batting - Pitching for Capital District Red Knights : LHP Fernando Padilla
|
Now at 3B: Danilo Mosca
|
|
Now in CF: Arturo Hernández
|
|
Batting: RHB Dani Trejo
|
0-0: Ball 1-0: Called Strike 1-1: Fly out, F9 (Flyball, 9D)
|
Batting: RHB EP Weston
|
0-0: Called Strike 0-1: Ball 1-1: Swinging Strike 1-2: SOLO HOME RUN (Line Drive, 7D), Distance : 347 ft
|
Pitching: LHP Don Teehan
|
|
Batting: RHB Clarence Neal
|
0-0: Ball 1-0: Foul Ball, location: 2F 1-1: Ground out 6-3 (Groundball, 56D)
|
Batting: RHB Jim Scott
|
0-0: Foul Ball, location: 2F 0-1: Ball 1-1: Foul Ball, location: 2F 1-2: Ball 2-2: Strikes out swinging
|
Top of the 8th over - 1 run, 1 hit, 0 errors, 0 left on base; Kingston Township 4 - Capital District 4 |
BOTTOM OF THE 8TH |
Capital District Red Knights batting - Pitching for Kingston Township Legion : RHP Fernando Espinosa
|
Batting: RHB José Paz
|
0-0: Called Strike 0-1: Ball 1-1: SINGLE (Line Drive, 6D)
|
Pitching: RHP Kyung-un Yi
|
|
Batting: RHB Rubén Campos
|
0-0: Fly out, F8 (Flyball, 8LD)
|
Batting: LHB Arturo Hernández
|
0-0: Called Strike José Paz steals 2nd base 0-1: Ball 1-1: Fly out, F8 (Line Drive, 8RM)
|
Batting: RHB Robert O'Connor
|
0-0: Ball 1-0: Ball 2-0: Called Strike 2-1: Ball 3-1: Ground out 6-3 (Groundball, 6)
|
Bottom of the 8th over - 0 runs, 1 hit, 0 errors, 1 left on base; Kingston Township 4 - Capital District 4 |
TOP OF THE 9TH |
Kingston Township Legion batting - Pitching for Capital District Red Knights : LHP Don Teehan
|
Pitching: LHP Miguel Toro
|
|
Batting: RHB José Icaza
|
0-0: Foul Ball, location: 2F 0-1: Ball 1-1: Ball 2-1: Foul Ball, location: 2F 2-2: Foul Ball, location: 2F 2-2: Strikes out swinging
|
Batting: LHB António González
|
0-0: Foul Ball, location: 2F 0-1: Ball 1-1: Foul Ball, location: 2F 1-2: Foul Ball, location: 2F 1-2: Ball 2-2: Ball 3-2: Foul Ball, location: 2F 3-2: Base on Balls
|
Pinch Runner at 1st Elia Amberezzio:
|
|
Batting: RHB Júlio Rodríguez
|
0-0: Ball Elia Amberezzio steals 2nd base 1-0: DOUBLE (Line Drive, 7D) Elia Amberezzio scores
|
Batting: RHB Ron Bernard
|
0-0: Ball 1-0: Swinging Strike 1-1: Swinging Strike 1-2: Strikes out looking
|
Batting: RHB Alfredo Cardenas
|
0-0: Ball 1-0: Called Strike 1-1: Ball 2-1: Fly out, F7 (Flyball, 7S)
|
Top of the 9th over - 1 run, 1 hit, 0 errors, 1 left on base; Kingston Township 5 - Capital District 4 |
BOTTOM OF THE 9TH |
Capital District Red Knights batting - Pitching for Kingston Township Legion : RHP Kyung-un Yi
|
Pitching: RHP John Riggleman
|
|
Now at SS: Elia Amberezzio
|
|
Now in CF: Charles Mathes
|
|
Batting: RHB Mario Álvarez
|
0-0: Foul Ball, location: 2F 0-1: Foul Ball, location: 2F 0-2: Ball 1-2: Ball 2-2: Foul Ball, location: 2F 2-2: Ball 3-2: DOUBLE (Line Drive, 78D)
|
Batting: RHB Danilo Mosca
|
0-0: Swinging Strike 0-1: Ball 1-1: Foul Ball, location: 2F 1-2: Ground out 4-3 (Groundball, 4) Mario Álvarez to third
|
Batting: RHB Brandon Cole
|
0-0: Swinging Strike 0-1: Fly out, F7 (Flyball, 7D) Runner from 3rd tags up, SCORES, throw made
|
Batting: RHB Pedro Álvarez
|
0-0: Called Strike 0-1: Foul Ball, location: 2F 0-2: Ball 1-2: Strikes out swinging
|
Bottom of the 9th over - 1 run, 1 hit, 0 errors, 0 left on base; Kingston Township 5 - Capital District 5 |
TOP OF THE 10TH |
Kingston Township Legion batting - Pitching for Capital District Red Knights : LHP Miguel Toro
|
Batting: RHB Dani Trejo
|
0-0: Called Strike 0-1: Ball 1-1: Foul Ball, location: 2F 1-2: Strikes out swinging
|
Batting: RHB EP Weston
|
0-0: Ball 1-0: Foul Ball, location: 2F 1-1: Ball 2-1: Ground out 5-3 (Groundball, 56)
|
Batting: RHB Clarence Neal
|
0-0: Called Strike 0-1: Called Strike 0-2: Strikes out swinging
|
Top of the 10th over - 0 runs, 0 hits, 0 errors, 0 left on base; Kingston Township 5 - Capital District 5 |
BOTTOM OF THE 10TH |
Capital District Red Knights batting - Pitching for Kingston Township Legion : RHP John Riggleman
|
Batting: RHB Steve Jones
|
0-0: Foul Ball, location: 2F 0-1: Foul Ball, location: 2F 0-2: Ball 1-2: Foul Ball, location: 2F 1-2: Strikes out looking
|
Batting: RHB José Paz
|
0-0: Foul Ball, location: 2F 0-1: Fly out, F9 (Flyball, 9D)
|
Batting: RHB Rubén Campos
|
0-0: Ball 1-0: Called Strike 1-1: Fly out, F7 (Flyball, 7LDF)
|
Bottom of the 10th over - 0 runs, 0 hits, 0 errors, 0 left on base; Kingston Township 5 - Capital District 5 |
TOP OF THE 11TH |
Kingston Township Legion batting - Pitching for Capital District Red Knights : LHP Miguel Toro
|
Pitching: LHP Héctor Valentín
|
|
Batting: RHB Jim Scott
|
0-0: Called Strike 0-1: Called Strike 0-2: Ball 1-2: Strikes out swinging
|
Batting: RHB José Icaza
|
0-0: Ball 1-0: Ball 2-0: Ball 3-0: Called Strike 3-1: Base on Balls
|
Pinch Runner at 1st Juanito González:
|
|
Batting: RHB Elia Amberezzio
|
0-0: Ball 1-0: Ball 2-0: Ground out 4-3 (Groundball, 4S) Juanito González to second
|
Batting: RHB Júlio Rodríguez
|
0-0: Ball 1-0: 2-RUN HOME RUN (Line Drive, 7LD), Distance : 343 ft
|
Batting: RHB Ron Bernard
|
0-0: Fly out, F7 (Flyball, 7LSF)
|
Top of the 11th over - 2 runs, 1 hit, 0 errors, 0 left on base; Kingston Township 7 - Capital District 5 |
BOTTOM OF THE 11TH |
Capital District Red Knights batting - Pitching for Kingston Township Legion : RHP John Riggleman
|
Pitching: RHP Yosuke Takahashi
|
|
Now at C: Martín Marrero
|
|
Batting: LHB Arturo Hernández
|
0-0: Ball 1-0: Ball 2-0: Foul Ball, location: 2F 2-1: Foul Ball, location: 2F 2-2: Reached on error, E6 (Groundball, 6)
|
Batting: RHB Robert O'Connor
|
0-0: Ball 1-0: Ball 2-0: Called Strike 2-1: Fly out, F7 (Flyball, 7)
|
Batting: RHB Mario Álvarez
|
0-0: Ball 1-0: Ball 2-0: Foul Ball, location: 2F 2-1: Foul Ball, location: 2F 2-2: Foul Ball, location: 2F 2-2: Foul Ball, location: 2F 2-2: SINGLE (Flyball, 78S) Arturo Hernández to third
|
Batting: RHB Danilo Mosca
|
0-0: Called Strike 0-1: SINGLE (Line Drive, 89S) Arturo Hernández scores Mario Álvarez to second
|
Batting: RHB Brandon Cole
|
0-0: Ball 1-0: Ball 2-0: Ball 3-0: Called Strike 3-1: SINGLE (Line Drive, 6MD) Mario Álvarez to third Danilo Mosca to second Runner from 3rd tries for Home, SAFE, throw made home
|
Batting: RHB Pedro Álvarez
|
0-0: Ball 1-0: Ball 2-0: SINGLE (Groundball, 6MD) Danilo Mosca to third Brandon Cole to second Runner from 3rd tries for Home, throw and OUT!
|
Batting: RHB Steve Jones
|
0-0: Called Strike 0-1: Fly out, F8 (Flyball, 78D)
|
Bottom of the 11th over - 2 runs, 4 hits, 1 error, 2 left on base; Kingston Township 7 - Capital District 7 |
TOP OF THE 12TH |
Kingston Township Legion batting - Pitching for Capital District Red Knights : LHP Héctor Valentín
|
Batting: LHB Charles Mathes
|
0-0: Ball 1-0: Ball 2-0: SINGLE (Line Drive, 4D)
|
Batting: RHB Dani Trejo
|
0-0: Ball 1-0: Foul Ball, location: 2F 1-1: Ground out 5-3 (Groundball, 56S) Charles Mathes to second
|
Batting: RHB EP Weston
|
0-0: DOUBLE (Line Drive, 7D) Charles Mathes scores
|
Pitching: RHP Jean-François Chapon
|
|
Batting: RHB Clarence Neal
|
0-0: Intentional Walk
|
Batting: RHB Jim Scott
|
0-0: Ball 1-0: Grounds into double play, 4-6-3 (Groundball, 4D)
|
Top of the 12th over - 1 run, 2 hits, 0 errors, 1 left on base; Kingston Township 8 - Capital District 7 |
BOTTOM OF THE 12TH |
Capital District Red Knights batting - Pitching for Kingston Township Legion : RHP Yosuke Takahashi
|
Pitching: RHP Norberto Flores
|
|
Batting: RHB José Paz
|
0-0: Ball 1-0: Called Strike 1-1: Foul Ball, location: 2F 1-2: Strikes out swinging
|
Batting: RHB Rubén Campos
|
0-0: Ball 1-0: Ball 2-0: Called Strike 2-1: Swinging Strike 2-2: Foul Ball, location: 2F 2-2: Strikes out swinging
|
Batting: LHB Arturo Hernández
|
0-0: Ball 1-0: Foul Ball, location: 2F 1-1: Foul Ball, location: 2F 1-2: Foul Ball, location: 2F 1-2: Strikes out swinging
|
Bottom of the 12th over - 0 runs, 0 hits, 0 errors, 0 left on base; Kingston Township 8 - Capital District 7 |
|